 Dungeon Crawl Stone Soup version 0.21-a0-442-g848f44b (webtiles) character file.

84 slep the Cudgeler (level 4, 0/35 HPs)
             Began as a Barachi Wanderer on Nov 16, 2017.
             Succumbed to an adder's poison
             ... on level 2 of the Dungeon.
             The game lasted 00:05:45 (1857 turns).

slep the Cudgeler (Barachi Wanderer)                Turns: 1857, Time: 00:05:46

Health: 0/35       AC:  6    Str: 14    XL:     4   Next: 45%
Magic:  4/4        EV:  9    Int: 14    God:
Gold:   75         SH:  0    Dex: 10    Spells: 3/3 levels left

rFire    . . .     SeeInvis .   l - +1 dagger (venom)
rCold    . . .     Gourm    .   (no shield)
rNeg     . . .     Faith    .   o - +0 scale mail
rPois    .         Spirit   .   (no helmet)
rElec    .         Reflect  .   (no cloak)
rCorr    .         Harm     .   (no gloves)
MR       .....                  (no boots)
Stlth    ..........             m - amulet of magic regeneration
HPRegen  0.11/turn              (no ring)
MPRegen  0.34/turn              (no ring)

@: lethally poisoned (0 -> -4), very slightly contaminated, slow
A: +LOS, swims, slowness 1, strong legs 1
a: Hop


You were on level 2 of the Dungeon.
You were not hungry.

You visited 1 branch of the dungeon, and saw 2 of its levels.

You collected 75 gold pieces.

Inventory:

Hand Weapons
 b - a +0 mace
 d - a +0 blowgun
 l - a +1 dagger of venom (weapon)
Missiles
 c - 24 poisoned needles
Armour
 e - a +0 robe
 o - a +0 scale mail (worn)
 p - a +0 leather armour
Jewellery
 m - an amulet of magic regeneration (around neck)
Scrolls
 h - a scroll of magic mapping
Books
 a - a book of Minor Magic

   Spells                             Type                      Level
   a - Magic Dart                     Conjuration                  1
   b - Blink                          Translocation                2
   c - Call Imp                       Summoning                    2
   d - Slow                           Hexes                        2
   e - Conjure Flame                  Conjuration/Fire             3
   f - Mephitic Cloud                 Conjuration/Poison/Air       3
Comestibles
 f - a bread ration


   Skills:
 + Level 3.5 Fighting
 + Level 3.6 Maces & Flails
 + Level 1.2 Throwing
 + Level 1.6 Armour
 + Level 1.3 Dodging
 + Level 0.6 Stealth
   Level 2.1 Conjurations
   Level 1.0 Earth Magic
   Level 1.1 Evocations


You had 3 spell levels left.
You didn't know any spells.

Dungeon Overview and Level Annotations

Branches:
Dungeon (2/15)

Altars:


Innate Abilities, Weirdness & Mutations

Shadows flee at your approach. (+LOS)
You can swim through water.
You cover ground slowly.
You can hop short distances.


Message History

l - a +1 dagger of venom (weapon)
As you read the scroll labeled VIUWKODGHELEE, it crumbles to dust.
It is a scroll of identify.
h - a scroll of magic mapping All of the chunks of flesh in your inventory have rotted away.
As you read the scroll labeled AMALULYFUE, it crumbles to dust.
You feel blessed for a moment.
It was a scroll of remove curse.
* * * LOW HITPOINT WARNING * * *
You feel sick.
Blink to where?
Press: ? - help, Dir - move target cursor You are very lightly contaminated with residual magic.
As you read the scroll labeled YMENTOGRUG, it crumbles to dust.
It was a scroll of blinking.
* * * LOW HITPOINT WARNING * * *
You feel sick.
As you read the scroll labeled JUYGONG ZOHE, it crumbles to dust.
You feel strangely unstable.
It was a scroll of teleportation.
Your surroundings suddenly seem different.
You die...

# .# ..# ...#
....# ...#####
.....#
........##......#
#.@..r.....
###########


You could see a rat (sleeping).

Vanquished Creatures
  4 gnolls
  An adder (D:2)
  An ooze (D:1)
  2 dart slugs (D:1)
  A leopard gecko (D:1)
  4 bats (D:1)
  2 giant cockroaches (D:1)
  4 jackals (D:2)
  2 ball pythons (D:1)
  3 goblins (D:1)
  3 kobolds (D:1)
  3 rats
30 creatures vanquished.

Notes
Turn   | Place    | Note
-------+----------+-------------------------------------------
     0 | D:1      | slep the Barachi Wanderer began the quest for the Orb.
     0 | D:1      | slep set off with: a book of Minor Magic, a +0 mace, 12 poisoned needles, a +0 blowgun, a +0 robe, a bread ration
     0 | D:1      | Reached XP level 1. HP: 17/17 MP: 1/1
   145 | D:1      | Reached XP level 2. HP: 3/23 MP: 2/2
   868 | D:1      | Reached XP level 3. HP: 22/29 MP: 3/3
  1337 | D:1      | HP: 1/29 [gnoll (7)]
  1341 | D:1      | Reached skill level 1 in Dodging
  1650 | D:1      | Reached XP level 4. HP: 17/35 MP: 4/4
  1854 | D:2      | HP: 1/35 [poisoned by an adder]
  1857 | D:2      | Succumbed to an adder's poison

Vault maps used:
D:1:      roderic_crossed_star
D:2:      nicolae_ashenzari_panopticon, chequers_ecumenical_altar_simple_redux

Skill      XL: |  1  2  3 |
---------------+----------+-----
Fighting       | 3 |  3.5
Maces & Flails | 3 |  3.6
Dodging        | 1 |  1.3
Throwing       | |  1.2
Armour         | |  1.6
Stealth        | |  0.6
Conjurations   | |  2.1
Earth Magic    | |  1.0
Evocations     | |  1.1

Action                   |  1- 3 |  4- 6 || total
-------------------------+-------+-------++-------
Melee: Mace              |    82 |    24 ||   106
  Use: Potion            |     1 |       ||     1
       Scroll            |       |     4 ||     4
 Stab: Sleeping          |     2 |       ||     2
  Eat: Chunk             |     2 |     1 ||     3
Armor: Robe              |    22 |       ||    22
       Leather armour    |     2 |       ||     2
       Scale mail        |       |     8 ||     8
Dodge: Dodged            |    58 |    13 ||    71

Table legend:
 A = Spawn XP
 B = Non-spawn XP
 C = Spawn XP percentage of total XP
 D = Spawn monster count
 E = Non-spawn monster count
 F = Spawn count percentage of total count
 G = Total turns spent on level
                    A         B        C        D         E        F      G
               +---------+---------+-------+---------+---------+-------+---------
         Total |       0 |     120 |   0.0 |       0 |      30 |   0.0 |  1857
               +---------+---------+-------+---------+---------+-------+---------
           D:1 |       0 |      83 |   0.0 |       0 |      23 |   0.0 |  1784
           D:2 |       0 |      37 |   0.0 |       0 |       7 |   0.0 |    73
               +---------+---------+-------+---------+---------+-------+---------
